 Dungeon Sprint DCSS version 0.28.0-45-g0d030f2227 (webtiles) character file.

Game seed: 16770661889440897955

795 Baz the Thaumaturge (level 8, -5/78 HPs)
             Began as a Djinni Ice Elementalist on Apr 5, 2022.
             Was an Initiate of Makhleb.
             Slain by a polar bear (6 damage)
             ... in the Dungeon (Sprint II: "The Violet Keep of Menkaure").
             The game lasted 00:03:08 (723 turns).

Baz the Thaumaturge (Djinni Ice Elementalist)        Turns: 723, Time: 00:03:08

Health: -5/78      AC:  2    Str:  7    XL:     8   Next: 13%
Gold:   126        EV: 13    Int: 19    God:    Makhleb [......] SH:  0 Dex: 14

rFire   + + .      SeeInvis .   (no weapon)
rCold   x . .      Faith    .   (no shield)
rNeg    . . .      Spirit   .   a - +0 robe
rPois   ∞          Reflect  .   (no helmet)
rElec   .          Harm     .   (no cloak)
rCorr   .          Rampage  .   (no gloves)
Will    .....      NoTele   +   (boots unavailable)
Stlth   ..........              b - amulet of regeneration
HPRegen 1.03/turn               (no ring)
MPRegen 0.00/turn               (no ring)

@: berserking, freezing walls, flying, very quick
A: sickness immunity, fire resistance 2, cold vulnerability 1, float, innate
caster, HP casting, extra vitality 1
a: Renounce Religion


You were in the Dungeon.
You worshipped Makhleb.
Makhleb was noncommittal.
You visited 1 branch You collected 486 gold pieces.
You spent 360 gold pieces at shops.

Inventory:

Armour
 a - a +0 robe (worn)
Jewellery
 b - an amulet of regeneration (around neck)
Scrolls
 f - a scroll of blinking


   Skills:
 + Level 1.1 Fighting
 + Level 4.6 Dodging
 + Level 3.6 Stealth
 + Level 12.6 Spellcasting


You had 16 spell levels left.
You knew the following spells:

 Your Spells              Type           Power      Damage    Failure   Level
a - Freeze                Ice            100%       1d11      1%          1
b - Frozen Ramparts       Ice            100%       1d12      1%          3
c - Ozocubu's Armour      Ice            56%        N/A       1%          3
d - Hailstorm             Conj/Ice       56%        3d12      1%          4
e - Apportation           Tloc           100%       N/A       1%          1
f - Poisonous Vapours     Pois/Air       100%       N/A       1%          2
g - Corpse Rot            Necr/Air       100%       N/A       1%          2
Your spell library was empty.

Dungeon Overview and Level Annotations

Branches:
Dungeon (1/1)

Altars:
Cheibriados
Dithmenos
Elyvilon
Fedhas
Gozag
Hepliaklqana
Kikubaaqudgha
Makhleb
Nemelex Xobeh
Okawaru
Qazlal
Ru
Sif Muna
Trog
Uskayaw
Vehumet
Wu Jian
Xom
Yredelemnul
Zin
The Shining One
Beogh
Jiyva
Lugonu

Shops:
D [:=:(?=[:!(=[!=

Annotations:
D exclusion: oklob plant


Innate Abilities, Weirdness & Mutations

You are immune to sickness and miasma.
You are immune to poison.
Your flesh is very heat resistant. (rF++)
You are vulnerable to cold. (rC-)
You float through the air rather than walking.
You learn spells naturally, not from books.
Your magical power is your life essence.
You have superior vitality. (+4 MHP)


Message History

The polar bear is moderately wounded.
The polar bear resists.
The wall freezes the polar bear.
The polar bear bites you.
The polar bear claws you but does no damage.
The polar bear claws you.
* * * LOW HITPOINT WARNING * * *
You feel much better.
The polar bear resists.
The wall freezes the polar bear.
The polar bear bites you. The polar bear claws you. x2
A red film seems to cover your vision as you go berserk!
You feel yourself moving faster!
You feel mighty!
The polar bear resists.
The wall freezes the polar bear.
The polar bear bites you. The polar bear claws you.
The polar bear closely misses you.
Unknown command.
You hit the polar bear.
The polar bear is heavily wounded.
The polar bear resists.
The wall freezes the polar bear.
The polar bear misses you. The polar bear barely misses you.
The polar bear claws you.
You closely miss the polar bear.
The polar bear is severely wounded.
The polar bear resists.
The wall freezes the polar bear.
The polar bear goes berserk!
You hit the polar bear but do no damage.
The polar bear is severely wounded.
The polar bear resists.
The wall freezes the polar bear.
The polar bear bites you. The polar bear claws you. The polar bear misses you.
You barely miss the polar bear.
The polar bear is severely wounded.
The polar bear resists.
The wall freezes the polar bear.
The polar bear barely misses you. The polar bear completely misses you.
The polar bear claws you.
You hit the polar bear but do no damage.
The polar bear is severely wounded.
The polar bear resists.
The wall freezes the polar bear.
The polar bear bites you!!
* * * LOW HITPOINT WARNING * * *
The polar bear claws you.
* * * LOW HITPOINT WARNING * * *
The polar bear claws you.
You die...

≈≈.....≈#'########+###
≈≈≈§≈..≈#....._..#≈§§##
≈≈≈≈≈≈.≈#...._._.#≈≈≈≈##
≈≈≈≈≈≈≈≈#..._._._#≈≈≈§≈#
≈≈≈≈≈≈≈≈#.._._._.#§§§≈≈§
≈≈≈≈≈≈§≈#._._._._#≈≈§§§≈
≈≈≈###§§#_._._._.#≈§§§≈≈
#§≈# #≈§#._._._.h#S§≈§§≈
+≈≈# #§§#_._._..@#S≈≈§▓
# ≈≈≈§§§##########≈≈§§▓z
######≈≈≈≈≈≈≈S≈≈≈§§▓z
≈≈§###≈########≈▓▓▓▓▓
§§§##≈ ▓▓ ≈§§§+≈


You could see a polar bear (berserk), 3 water moccasins and a flying skull.

Vanquished Creatures
  A merfolk siren (D)
  A vampire mosquito (D)
  A water moccasin (D)
  4 scorpions (D)
  3 worms (D)
10 creatures vanquished.

Vanquished Creatures (others)
  Menkaure (D)
  A water moccasin (D)
2 creatures vanquished.

Grand Total: 12 creatures vanquished

Notes
Turn   | Place    | Note
-------+----------+-------------------------------------------
     0 | D        | Baz the Djinni Ice Elementalist began the quest for the
                  | Orb.
     0 | D        | Reached XP level 1. HP: 15/15 MP: 0/0
     1 | D        | Noticed a boulder beetle
     1 | D        | Noticed a boulder beetle
     5 | D        | Noticed a scorpion
     5 | D        | Noticed a scorpion
     5 | D        | Noticed a scorpion
     5 | D        | Noticed a scorpion
    10 | D        | Killed a scorpion
    11 | D        | Reached skill level 6 in Spellcasting
    11 | D        | Reached XP level 2. HP: 14/21 MP: 0/0
    11 | D        | Reached XP level 3. HP: 17/25 MP: 0/0
    11 | D        | Learned a level 1 spell: Apportation
    11 | D        | Reached XP level 4. HP: 21/31 MP: 0/0
    13 | D        | Killed a scorpion
    14 | D        | Reached skill level 7 in Spellcasting
    14 | D        | Reached XP level 5. HP: 10/35 MP: 0/0
    14 | D        | Learned a level 2 spell: Poisonous Vapours
    15 | D        | Reached skill level 8 in Spellcasting
    16 | D        | Reached skill level 9 in Spellcasting
    16 | D        | Reached XP level 6. HP: 9/41 MP: 0/0
    64 | D        | Killed Menkaure
   304 | D        | Noticed a merfolk siren
   313 | D        | Killed a merfolk siren
   314 | D        | Reached skill level 11 in Spellcasting
   314 | D        | Reached XP level 7. HP: 40/46 MP: 0/0
   314 | D        | Learned a level 2 spell: Corpse Rot
   318 | D        | Killed a water moccasin
   514 | D        | Found Aresmug's Jewellery Emporium.
   515 | D        | Found Ugoank's Antique Armour Emporium.
   515 | D        | Found Anast's Jewellery Shoppe.
   516 | D        | Found Qoyfeom's Antique Weapon Emporium.
   516 | D        | Found Atsyshi's Distillery.
   516 | D        | Found Rocotevu's Distillery.
   516 | D        | Found Taacakli's Book Emporium.
   518 | D        | Noticed a vampire mosquito
   522 | D        | Killed a vampire mosquito
   523 | D        | Reached skill level 1 in Fighting
   523 | D        | Reached skill level 12 in Spellcasting
   524 | D        | Found Jonobb's Jewellery Emporium.
   524 | D        | Found Lokent's Magic Scroll Shoppe.
   524 | D        | Found Isea's Antique Weapon Shoppe.
   524 | D        | Noticed a redback
   525 | D        | Found Jymoggit's Antique Armour Shoppe.
   527 | D        | Found Qidy's Book Shoppe.
   527 | D        | Found Mel Kul's Jewellery Emporium.
   527 | D        | Noticed a water moccasin
   527 | D        | Noticed a redback
   527 | D        | Noticed an oklob plant
   529 | D        | Killed a water moccasin
   530 | D        | Reached XP level 8. HP: 34/52 MP: 0/0
   530 | D        | Found Hearar's Antique Armour Shoppe.
   530 | D        | Found Sytiumy's Book Shoppe.
   532 | D        | Noticed an iron elemental
   535 | D        | Noticed a death yak
   545 | D        | Bought an amulet of regeneration for 360 gold pieces
   673 | D        | Found a blossoming altar of Fedhas.
   674 | D        | Found a white marble altar of Elyvilon.
   674 | D        | Found an opulent altar of Gozag.
   674 | D        | Found a burning altar of Makhleb.
   675 | D        | Found a shadowy altar of Dithmenos.
   675 | D        | Found a corrupted altar of Lugonu.
   676 | D        | Found a snail-covered altar of Cheibriados.
   676 | D        | Found a bloodstained altar of Trog.
   677 | D        | Found a viscous altar of Jiyva.
   677 | D        | Found a sparkling altar of Nemelex Xobeh.
   677 | D        | Found a hide-covered altar of Uskayaw.
   677 | D        | Found a basalt altar of Yredelemnul.
   678 | D        | Found a hazy altar of Hepliaklqana.
   678 | D        | Found a sacrificial altar of Ru.
   679 | D        | Found a shimmering altar of Xom.
   680 | D        | Found a stormy altar of Qazlal.
   680 | D        | Found an ornate altar of the Wu Jian Council.
   680 | D        | Found a glowing golden altar of the Shining One.
   680 | D        | Noticed a hornet
   680 | D        | Noticed a polar bear
   681 | D        | Found an iron altar of Okawaru.
   681 | D        | Found a glowing silver altar of Zin.
   681 | D        | Noticed a yaktaur
   694 | D        | Became a worshipper of Makhleb the Destroyer
   711 | D        | Noticed a flying skull
   712 | D        | Noticed a flying skull
   723 | D        | HP: 3/78 [polar bear (24)]
   723 | D        | HP: 1/78 [polar bear (2)]
   723 | D        | Slain by a polar bear

Illustrated notes

Levels and vault maps discovered:
D:        the_violet_keep_of_menkaure [sprint2_stairs_cluster_1,
          sprint2_shoproom, sprint2_temple, sprint2_basic_supplies,
          sprint2_obstacle_7, sprint2_obstacle_4, sprint2_obstacle_5,
          sprint2_obstacle_3, sprint2_obstacle_1, sprint2_timed_cluster_1,
          sprint2_smallroom_cluster_1, sprint2_smallroom_final_cluster_1,
          sprint2_transparent_cluster_1, sprint2_second_timed_cluster_1,
          sprint2_sniper_area_1, sprint2_heavy_combat_area_1,
          sprint2_mutation_trap_area_1, sprint2_forest_area_1,
          sprint2_light_combat_area_1, sprint2_behind_water_1,
          sprint2_near_end_vault_1]

Skill      XL: |  1  2  3  4  5  6  7 |
---------------+----------------------+-----
Stealth        | 2 3 |  3.6
Spellcasting   | 6 7 9 11 12 | 12.6
Dodging        | 3 4 |  4.6
Fighting       | 1 |  1.1

Action                   |  1- 3 |  4- 6 |  7- 9 || total
-------------------------+-------+-------+-------++-------
Melee: Unarmed           |       |       |     5 ||     5
 Cast: Freeze            |     3 |     4 |    13 ||    20
       Frozen Ramparts   |       |     2 |     4 ||     6
       Ozocubu's Armour  |       |     1 |       ||     1
  Use: Potion            |     2 |       |     2 ||     4
Armor: Robe              |       |       |     1 ||     1
Dodge: Dodged            |     1 |       |    14 ||    15
